 Dungeon Crawl Stone Soup version 0.16-a0-328-gfd822c7 (console) character file.

131 Kellhus the Ruinous (level 4, -7/30 HPs)
             Began as a Mummy Wizard on Sept 6, 2014.
             Mangled by an orc
             ... wielding a +0 trident
              (8 damage)
             ... on Level 2 of the Dungeon.
             The game lasted 00:07:14 (4087 turns).

Kellhus the Ruinous (Mummy Wizard)                  Turns: 4087, Time: 00:07:15

HP  -7/30        AC  2     Str  7      XL: 4   Next: 91%
MP   5/9         EV 12     Int 18      God:
Gold 22          SH  0     Dex 10      Spells:  1 memorised,  8 levels left

rFire  x . .     SeeInvis .     (no weapon)
rCold  + . .     Clarity  .     a - +0 robe
rNeg   + + +     rCorr    .     (no shield)
rPois  +         rRot     +     b - +0 hat
rElec  .         Spirit   .     (no cloak)
SustAb .         Warding  .     (no gloves)
rMut   .         Stasis   .     (no boots)
Gourm  .                        (no amulet)
MR     .....                    (no ring)
                                h - cursed -3 ring of strength

@: not resistant to hostile enchantments, unstealthy
A: no food or potions, fire vulnerability, restore body, cold resistance 1,
negative energy resistance 3, poison resistance, torment resistance, unbreathing
a: no special abilities


You were on level 2 of the Dungeon.
You were not hungry.

You visited 1 branch of the dungeon, and saw 3 of its levels.

You collected 22 gold pieces.

Inventory:

Armour
 a - a +0 robe (worn)
 b - a +0 hat (worn)
 g - a cursed +0 ring mail
Scrolls
 d - a scroll of random uselessness {unknown}
 e - a scroll of enchant armour {unknown}
 f - a scroll of remove curse {unknown}
 i - a scroll of magic mapping {unknown}
 j - a scroll of identify {unknown}
Jewellery
 h - a cursed -3 ring of strength (left hand)
Books
 c - a book of Minor Magic

   Spells                             Type                      Level
   *Magic Dart                        Conjuration                  1
   Blink                              Translocation                2
   Call Imp                           Summoning                    2
   Repel Missiles                     Charms/Air                   2
   Slow                               Hexes                        2
   Conjure Flame                      Conjuration/Fire             3
   Mephitic Cloud                     Conjuration/Poison/Air       3


   Skills:
 - Level 1.5 Dodging
 - Level 1.5 Stealth
 - Level 3.0 Spellcasting
 + Level 4.0 Conjurations
   Level 0.7 Summonings
   Level 0.7 Translocations


You had 8 spell levels left.
You knew the following spells:

 Your Spells              Type           Power        Failure   Level  Hunger
a - Magic Dart            Conj           ###.         3%          1    N/A

Dungeon Overview and Level Annotations

Branches:
Dungeon (3/15)

Altars:
Elyvilon
Vehumet


Innate Abilities, Weirdness & Mutations

You do not eat or drink.
Your flesh is vulnerable to fire.
Your flesh is cold resistant.
You are immune to negative energy.
Your system is resistant to poisons.
You are immune to unholy pain and torment.
You can survive without breathing.


Message History

* * * LOW HITPOINT WARNING * * *
Casting: Magic Dart
Confirm with . or Enter, or press ? or * to list all spells.
Aiming: Magic Dart
Press: ? - help, Shift-Dir - straight line, f/p - orc
Aim: an orc, wielding a mace and wearing a chain mail (heavily wounded)
The magic dart hits the orc.
The orc is heavily wounded.
The orc hits you with a trident.
* * * LOW HITPOINT WARNING * * *
The orc completely misses you.
Casting: Magic Dart
Confirm with . or Enter, or press ? or * to list all spells.
Aiming: Magic Dart
Press: ? - help, Shift-Dir - straight line, f/p - orc
Aim: an orc, wielding a mace and wearing a chain mail (heavily wounded)
The magic dart hits the orc.
The orc is heavily wounded.
The orc hits you with a trident!
You die...

..# #.....(......................
..###.......)...#..............!.
...........%..........(..........
##.####.#....)...................
.....##..........)...............
......#.#...............(...#####
......#.....>[...(......##..###
.._......<......o....<..#.....##
......#........)@o........###..##
......#.##...............## ##..#
.....##.###.......)...#..# ##..
##.####..................########
........########.#..#........###
....%...# #.#..#%..%......##
........## #.#......(....####
.........#######...#..........##.
.............!.............<.....


You could see 2 orcs.

Vanquished Creatures
  3 adders
  A shadow imp (D:3)
  2 worms (D:2)
  A giant gecko (D:1)
  An ooze (D:1)
  6 orcs
  7 bats
  7 goblins
  13 hobgoblins
  7 kobolds
  2 quokkas (D:2)
  2 ball pythons
  4 giant cockroaches (D:2)
  2 giant newts (D:2)
  A hobgoblin zombie (D:3)
  4 jackals (D:1)
  9 rats
72 creatures vanquished.

Notes
Turn   | Place    | Note
--------------------------------------------------------------
     0 | D:1      | Kellhus, the Mummy Wizard, began the quest for the Orb.
     0 | D:1      | Reached XP level 1. HP: 13/13 MP: 4/4
    25 | D:1      | Reached skill level 1 in Conjurations
   698 | D:1      | Reached XP level 2. HP: 16/19 MP: 0/6
  1912 | D:1      | Reached XP level 3. HP: 24/24 MP: 1/7
  2177 | D:2      | Found a radiant altar of Vehumet.
  3132 | D:2      | Found a white marble altar of Elyvilon.
  3219 | D:2      | Reached XP level 4. HP: 30/30 MP: 2/9
  4016 | D:2      | Reached skill level 4 in Conjurations
  4086 | D:2      | HP: 1/30 [orc/trident (6)]
  4087 | D:2      | Mangled by an orc

Action                   |  1- 3 |  4- 6 || total
-------------------------+-------+-------++-------
Melee: Unarmed           |    32 |     9 ||    41
 Cast: Magic Dart        |   169 |    73 ||   242
